Unix NetHack Version 5.0.0-0 post-release - last build Jun 10 2026 00:39:30 (3ee93aec679c4c4259841fe613dc97188e26a321,branch:main).

Game began 2026-06-28 22:51:41, ended 2026-06-29 00:33:26.

Brudee, chaotic female human Rogue

                                           Z









                                                   |.
                                             ----- |.-.
                                             |...| |V..
                                             |.|.---@-
                                             .*|.....|
                                               -------
Brudee the Rogue        St:12 Dx:17 Co:17 In:12 Wi:10 Ch:9  Chaotic S:8219
Dlvl:12 $:131 HP:0(58) Pw:30(30) AC:-6 Xp:8/1852 T:5669  Burdened

Latest messages:
 What do you want to drop? [$a-ce-gim-prsuvxyBE-HMPRSZ or ?*] p
 You drop a white spellbook.
 You hit the dwarf zombie!
 You hit the dwarf zombie!
 You destroy the dwarf zombie!
 You have a little trouble lifting p - a white spellbook.
 There is nothing here to pick up.
 The vampire bat misses!
 The vampire bat bites!
 The vampire bat's bite was poisoned!
 The poison doesn't seem to affect you.
 What do you want to drop? [$a-ce-gim-prsuvxyBE-HMPRSZ or ?*] <space>
 Never mind.
 What do you want to drop? [$a-ce-gim-prsuvxyBE-HMPRSZ or ?*] <space>
 Never mind.
 You drop a white spellbook.
 The vampire bat bites!
 The vampire bat misses!
 The vampire bat bites!
 The vampire bat misses!
 You hit the vampire bat!
 The vampire bat bites!
 The vampire bat bites again!
 The vampire bat's bite was poisoned!
 The poison doesn't seem to affect you.
 The vampire bat bites!
 The vampire bat bites again!
 What do you want to zap? [B or ?*] ?
 What do you want to zap? [B or ?*] <space>
 Never mind.
 In what direction? k
 You throw 4 daggers.
 The 1st dagger hits the vampire bat.
 The 2nd dagger hits the vampire bat!
 The 3rd dagger hits the vampire bat.
 You kill the vampire bat!
 The seemingly dead vampire bat suddenly transforms and rises as a vampire!
 The 4th dagger hits the vampire!
 The vampire hits!
 The vampire bites!
 The vampire hits!
 The vampire bites!
 What do you want to use or apply? [egixBFMPS or ?*] ?
 In what direction? k
 The vampire is blinded by the flash!
 The vampire hits!
 The vampire bites!
 You die...
 Do you want your possessions identified? [ynq] (y) y
 Do you want to see your attributes? [ynq] (y) q

Inventory:
 Coins    ('$')
  $ - 131 gold pieces
 Amulets  ('"')
  R - an uncursed amulet versus poison (being worn)
 Weapons  (')')
  b - 5 blessed +3 daggers
  u - 2 +0 daggers (at the ready)
  Z - 2 +0 elven daggers
  E - a blessed +0 orcish dagger
  v - the blessed fireproof +2 Sting (weapon in right hand, flickering light blue)
 Armor    ('[')
  a - an uncursed +0 elven leather helm (being worn)
  G - an uncursed +3 pair of water walking boots (being worn)
  y - an uncursed +0 shield of drain resistance (being worn)
  H - a blessed fireproof +4 cloak of magic resistance (being worn)
  c - an uncursed +3 leather armor (being worn)
 Comestibles  ('%')
  s - 3 uncursed food rations
  f - an uncursed sprig of wolfsbane
  r - an uncursed tripe ration
 Scrolls  ('?')
  o - an uncursed scroll of charging
  n - an uncursed scroll of identify
 Wands    ('/')
  B - a wand of digging (0:3)
 Tools    ('(')
  i - an uncursed sack containing 10 items
  F - an uncursed tooled horn
  g - an uncursed blindfold
  x - an uncursed brass lantern (lit)
  M - an expensive camera (0:47)
  e - an uncursed lock pick
  P - a magic marker (0:1)
  S - a +0 pick-axe
 Gems/Stones  ('*')
  m - an uncursed worthless piece of blue glass

Contents of the sack:
  a cursed scroll of confuse monster
  an uncursed scroll of food detection
  an uncursed scroll of light
  a cursed scroll of remove curse
  an uncursed potion of extra healing
  an uncursed potion of fruit juice
  2 cursed potions of monster detection
  2 uncursed potions of object detection
  an uncursed potion of sickness
  4 potions of holy water

Brudee the Rogue's attributes:

Background:
 You were a Rogue, level 8 female human.
 You were chaotic, on a mission for Kos
 who was opposed by Issek (lawful) and Mog (neutral).
 You were right-handed.
 You were in the Gnomish Mines, on level 12.
 You entered the dungeon 5669 turns ago.
 It was the midnight hour.
 You had 1852 experience points, 708 more were needed to attain level 9.
 Your score was 8219 before end-of-game adjustments.

Basics:
 You had 0 out of 58 hit points.
 You had all 30 energy points (spell power).
 Your armor class was -6.
 Your wallet contained 131 zorkmids.
 Autopickup was on for '$!=+?/"' plus thrown.

Final Characteristics:
 Your strength was 12 (peak:14, limit:18/100).
 Your dexterity was 17 (peak:18, limit:18).
 Your constitution was 17 (limit:18).
 Your intelligence was 12 (limit:18).
 Your wisdom was 10 (limit:18).
 Your charisma was 9 (limit:18).

Final Status:
 You weren't hungry.
 You were burdened; movement was slightly slowed.
 You were wielding a dagger.
 You had expert skill with dagger.

Final Attributes:
 You were piously aligned.
 You were magic-protected.
 You were poison resistant.
 You were level-drain resistant.
 You were aware of the presence of orcs.
 You were stealthy.
 You could walk on water.
 You were warded.
 You were fast.
 You are dead.

Miscellaneous:
 You encountered 1 bones level.
 Total elapsed playing time was 1 hour, 41 minutes and 44 seconds.

Major events:
 Turn
    1: Brudee the chaotic female human Rogue entered the dungeon
  700: attained the rank of Cutpurse (level 3)
  766: was bestowed with Sting by Kos
 1727: stole 4925 zorkmids worth of merchandise from Ouiatchouane's general store
 2703: attained the rank of Rogue (level 6)
 2761: entered Sokoban
 3033: completed 1st Sokoban level
 4035: entered the Gnomish Mines
 5155: reached Mine Town
 5669: killed by a vampire

You didn't know any spells.

Skills:
 Fighting Skills
   bare handed combat [Unskilled]
   two weapon combat  [Unskilled]
   riding             [Unskilled]
 Weapon Skills
   dagger             [Expert]
   knife              [Unskilled]
   short sword        [Basic]
   broadsword         [Unskilled]
   long sword         [Unskilled]
   two-handed sword   [Unskilled]
   saber              [Unskilled]
   club               [Unskilled]
   mace               [Unskilled]
   morning star       [Unskilled]
   flail              [Unskilled]
   hammer             [Unskilled]
   polearms           [Unskilled]
   spear              [Unskilled]
   crossbow           [Unskilled]
   dart               [Unskilled]
   shuriken           [Unskilled]
 Spellcasting Skills
   divination spells  [Unskilled]
   escape spells      [Unskilled]
   matter spells      [Unskilled]

Voluntary challenges:
 Character rerolling was not enabled.
 You never genocided any monsters.
 You never polymorphed an object.
 You used no wishes.
 You did not violate any of the special Sokoban rules.
Achievements:
 You entered a shop.
 You attained the rank of Cutpurse.
 You attained the rank of Rogue.
 You entered Sokoban.
 You entered the Gnomish Mines.
 You entered Minetown.
 You entered a temple.

 The Dungeons of Doom: levels 1 to 8
    Level 1:
       A fountain.
    Level 2:
       A potion shop, many fountains.
    Level 3:
       A general store, an altar to Kos.
    Level 4:
       An altar, a fountain.
       Stairs down to The Gnomish Mines.
    Level 5:
       A general store, some graves.
       Final resting place for
          ironrat-Wiz-Hum-Mal-Neu, killed by a giant mimic.
    Level 6:
       Many fountains.
    Level 7:
       Stairs up to Sokoban, level 6.
    Level 8:
 The Gnomish Mines: levels 5 to 12
    Level 5:
    Level 6:
    Level 7:
    Level 8:
       Many shops, a temple and an altar to Kos, some fountains.
    Level 9:
    Level 10:
    Level 11:
    Level 12: <- You were here.
       Final resting place for
          you, killed by a vampire.
 Sokoban: levels 6 up to 5
    Level 5:
       Unsolved.
    Level 6:
       Solved.


Vanquished creatures:
  a ghost
  a water demon
  a pyrolisk
 an amorous demon
  a giant beetle
  a cockatrice
  a leprechaun
  a dust vortex
  a raven
  a plains centaur
  a gnome mummy
  a soldier ant
  a water nymph
  a mountain nymph
  a rock piercer
  a pony
  2 violet fungi
  9 gnome leaders
  3 gnomish wizards
  3 Kop Lieutenants
  a guardian naga hatchling
  a gray ooze
  2 elf zombies
  a ghoul
  a paper golem
  a giant ant
  2 kittens
 10 dwarves
  2 kobold leaders
  a rothe
  a rabid rat
  a centipede
  a giant bat
  4 Kop Sergeants
  3 dwarf zombies
  2 werejackals
  4 iguanas
 an acid blob
  4 coyotes
  2 gas spores
  4 hobbits
  2 manes
  6 giant rats
  2 cave spiders
 35 gnomes
 12 Keystone Kops
  4 garter snakes
  4 geckos
  8 jackals
  a fox
  a kobold
  4 goblins
  a bat
  a lichen
  4 newts
167 creatures vanquished.

No species were genocided or became extinct.

Game over:
                       ----------
                      /          \
                     /    REST    \
                    /      IN      \
                   /     PEACE      \
                  /                  \
                  |      Brudee      |
                  |      131 Au      |
                  |   killed by a    |
                  |     vampire      |
                  |                  |
                  |                  |
                  |       2026       |
                 *|     *  *  *      | *
        _________)/\\_//(\/(/\)/\//\/|_)_______

Goodbye Brudee the Rogue...

You died in The Gnomish Mines on dungeon level 12 with 8206 points,
and 131 pieces of gold, after 5669 moves.
You were level 8 with a maximum of 58 hit points when you died.

